Cogmind - Beta 13 @@@ ROGUE MODE // 2024.07.04 @ 21:56:45 Player: Annull999 Result: Destroyed by G-34 Mercenary with Small Laser Performance ------------- Evolutions (0) 0 Regions Visited (1) 200 Robots Destroyed (4) 20 Value Destroyed (162) 162 Prototype IDs (0) 0 Alien Tech Used (0) 0 Bonus (0) 0 TOTAL SCORE: 382 Bonus ------- None Cogmind --------- Core Integrity 0/250 Matter 263/300 Energy 100/100 System Corruption 0% Temperature Warm (118) Movement Core (50) Location -10/Materials Parts ------- > --- POWER (1) -------- (None) > --- PROPULSION (2) --- (None) > --- UTILITY (2) ------ (None) > --- WEAPON (2) ------- Medium Laser > --- INVENTORY (5) ---- Wheel Wheel Grenade Launcher Grenade Launcher Peak State ------------ > --- POWER ------------ Light Ion Engine > --- PROPULSION ------- Aluminum Leg Aluminum Leg > --- UTILITY ---------- (None) > --- WEAPON ----------- Medium Laser Medium Laser > --- INVENTORY -------- Wheel Wheel [Rating: 5] Favorites ----------- Power Light Ion Engine Engine Light Ion Engine Propulsion Aluminum Leg Leg Aluminum Leg Utility None Weapon Medium Laser Energy Gun Medium Laser Special Weapon Mining Laser Build | -11 -10 ------- Run | Yrd Mat Slots Evolved . | . . Power . | . . Propulsion . | . . Utility . | . . Weapon . | . . Parts Attached 6 | 5 1 Power 1 | 1 . Engine 1 | 1 . Core . | . . Reactor . | . . Propulsion 2 | 2 . Treads . | . . Leg 2 | 2 . Wheel . | . . Hover . | . . Flight . | . . Utility . | . . Device . | . . Storage . | . . Processor . | . . Hackware . | . . Protection . | . . Artifact . | . . Weapon 3 | 2 1 Energy Gun 2 | 2 . Energy Cannon . | . . Ballistic Gun . | . . Ballistic Cannon . | . . Launcher . | . . Special Weapon 1 | . 1 Impact Weapon . | . . Slashing Weapon . | . . Piercing Weapon . | . . Special Melee Weapon . | . . Unidentified Prototypes . | . . Parts Lost 5 | . 5 Power 1 | . 1 Propulsion 2 | . 2 Utility . | . . Weapon 2 | . 2 Highest Loss Streak 5 | . 5 To Critical Strikes . | . . Average Slot Usage (%) 62 | . 62 Engine 10 | . 10 Leg 24 | . 24 Energy Gun 24 | . 24 Special Weapon 1 | . 1 Naked Turns . | . . Heaviest Build 7 | 7 7 Greatest Support 20 | 20 20 Greatest Overweight (x) . | . . Average Overweight (x) . | . . Largest Inventory Capacity 5 | 5 5 Average Capacity 5 | 5 5 Most Carried 5 | 4 5 Average Carried 3 | 2 4 Final Capacity 5 | 5 5 Final Carried 4 | 2 4 Class Distribution -------------------- 100% | Mutant Dominant Class ---------------- Mutant | -10/Materials Resources | -11 -10 ----------- Run | Yrd Mat Matter Collected 250 | 250 . Remotely . | . . Salvage Created 172 | 44 128 Parts 8 | 2 6 Haulers Intercepted . | . . Recyclers Shooed . | . . Parts Field Recycled . | . . Retrieved Matter . | . . Parts Self-Destructed . | . . Prevented . | . . Kills | -11 -10 ------- Run | Yrd Mat Combat Hostiles Destroyed 4 | 1 3 Guns 3 | 1 2 Cannons 1 | . 1 Classes Destroyed 1 | 1 . Grunt 4 | 1 3 Best Kill Streak 2 | 1 2 Combat Bots Only 2 | 1 2 Max Kills in Single Turn 1 | 1 1 Gunslinging . | . . Exploded . | . . Melee . | . . Uniques/NPCs Destroyed . | . . Combat | -11 -10 -------- Run | Yrd Mat Hostile Shots Fired 46 | 5 41 Missed 5 | 2 3 Damage Taken 620 | 33 587 Core 254 | 12 242 Absorbed by Shields . | . . Core Remaining (%) 95 | 95 . Volleys Fired 18 | 4 14 Largest 2 | 2 2 Hottest 150 | 100 150 Shots Fired 35 | 8 27 Gun 32 | 8 24 Cannon . | . . Launcher . | . . Special 3 | . 3 Kinetic . | . . Thermal 35 | 8 27 Explosive . | . . Electromagnetic . | . . Robot Hit Streak 7 | 4 7 Robot Miss Streak 10 | 1 10 Penetration Max . | . . Secondary Targets . | . . Shots Hit Robots 17 | 6 11 Core Hits 9 | 2 7 Critical Kills . | . . Critical Parts Destroyed . | . . Critical Strikes 3 | 1 2 Burn 3 | 1 2 Melee Attacks . | . . Impact . | . . Slashing . | . . Piercing . | . . Sneak Attacks . | . . Combat Hostiles . | . . Follow-up Attacks . | . . Damage Inflicted 225 | 76 149 Guns 201 | 76 125 Cannons . | . . Explosions . | . . Melee . | . . Ramming . | . . Kinetic . | . . Thermal 225 | 76 149 Explosive . | . . Electromagnetic . | . . Impact . | . . Slashing . | . . Piercing . | . . Highest Corruption . | . . Average Corruption . | . . Corruption Purged . | . . Corruption Blocked . | . . Overload Shots . | . . Overflow Damage . | . . Projectiles . | . . Explosions . | . . Melee . | . . Knockbacks . | . . Impact . | . . Kinetic . | . . Secondary . | . . Self-Inflicted Damage . | . . Shots . | . . Rammed . | . . Targets Rammed . | . . Kicked . | . . Crushed . | . . Highest Temperature 589 | 174 589 Average Temperature 264 | 103 295 Received Heat Transfer 372 | 18 354 Effects 9 | . 9 Shutdowns 1 | . 1 Energy Bleed 1 | . 1 Matter Decay 1 | . 1 Short Circuit 1 | . 1 Damage (minor) 1 | . 1 Damage (major) 2 | . 2 Damage (core) 2 | . 2 Siege Activations . | . . Robots Corrupted . | . . Combat Hostiles . | . . Parts Fried . | . . Impact Corruptions . | . . Robots Melted . | . . Combat Hostiles . | . . Parts Melted 2 | 1 1 Heat Transferred 864 | 296 568 Parts Sabotaged . | . . Parts Stolen . | . . Parts Stripped . | . . Power Chain Reactions . | . . Alert | -11 -10 ------- Run | Yrd Mat Peak Influence 75 | 20 75 Initial 13 | . 13 Average 22 | 1 32 Maximum Alert Level . | . . Low Security (%) 100 | 100 100 Level 1 . | . . Level 2 . | . . Level 3 . | . . Level 4 . | . . Level 5 . | . . High Security . | . . Max Security . | . . Squads Dispatched . | . . Investigation . | . . Extermination . | . . Reinforcement . | . . Assault . | . . Garrison . | . . Intercept . | . . Searches Triggered . | . . Construction Impeded . | . . Haulers Reinforced . | . . Active Scanning Responses . | . . Cargo Convoy Interrupts . | . . Stealth | -11 -10 --------- Run | Yrd Mat Distress Signals . | . . Communications Jammed . | . . Distress Signals . | . . Times Spotted 6 | 1 5 Peak Tracking Total 4 | 1 4 Tactical Retreats . | . . Traps | -11 -10 ------- Run | Yrd Mat Traps Triggered . | . . Indirectly . | . . Trap Hack Attempts . | . . Triggered . | . . Disarmed . | . . Reprogrammed . | . . Reused . | . . Traps Extracted . | . . Installed . | . . Triggered . | . . Machines | -11 -10 ---------- Run | Yrd Mat Machines Disabled . | . . Max in Single Turn . | . . Machines Repaired . | . . Machines Dismantled . | . . Machines Sabotaged . | . . Overloaded Fab Kills . | . . Hacking | -11 -10 --------- Run | Yrd Mat Machines Accessed 1 | . 1 Terminals 1 | . 1 Fabricators . | . . Repair Stations . | . . Recycling Units . | . . Scanalyzers . | . . Garrison Access . | . . Total Hacks 3 | . 3 Successful 2 | . 2 Failed 1 | . 1 Catastrophic . | . . Database Lockouts . | . . Manual 1 | . 1 Terminals 3 | . 3 Fabricators . | . . Repair Stations . | . . Recycling Units . | . . Scanalyzers . | . . Garrison Access . | . . Terminal Hacks 1 | . 1 Zone Layout 1 | . 1 Fabricator Hacks . | . . Repair Station Hacks . | . . Recycling Unit Hacks . | . . Scanalyzer . | . . Garrison Access Hacks . | . . Unauthorized Hacks 1 | . 1 Terminals 1 | . 1 Botnet 1 | . 1 Fabricators . | . . Repair Stations . | . . Recycling Units . | . . Scanalyzers . | . . Garrison Access . | . . Data Cores Recovered . | . . Used . | . . Hacking Detections 1 | . 1 Full Trace Events . | . . Feedback Events . | . . Feedback Blocked . | . . Robot Schematics Acquired . | . . Robots Built . | . . Authchips . | . . Time . | . . Total Robot Build Rating . | . . Part Schematics Acquired . | . . Parts Built . | . . Authchips . | . . Time . | . . Total Part Build Rating . | . . Parts Repaired . | . . Time . | . . Parts Recycled . | . . Recycled Matter . | . . Retrieved Matter . | . . Retrieved Components . | . . Parts Scanalyzed . | . . Part Schematics Acquired . | . . Parts Damaged . | . . Bothacking | -11 -10 ------------ Run | Yrd Mat Used RIF Installer . | . . Robots Hacked . | . . Non-combat . | . . Combat . | . . Robot Hacks Applied . | . . Relay Couplers Released . | . . Fabnet Peak Effective % . | . . Robots Rewired . | . . Allies Hacked . | . . Hacks Repelled . | . . Allies | -11 -10 -------- Run | Yrd Mat Total Allies . | . . Largest Group . | . . Highest-Rated Group . | . . Highest-Rated Ally . | . . Total Orders . | . . Ally Attacks . | . . Total Damage . | . . Kills . | . . Allies Corrupted . | . . Allies Melted . | . . Intel | -11 -10 ------- Run | Yrd Mat Robot Analysis Total . | . . Derelict Logs Recovered . | . . Drone Launches . | . . Drone Recoveries . | . . Exploration | -11 -10 ------------- Run | Yrd Mat Turns Passed 253 | 87 166 Spaces Moved 139 | 65 74 Core 20 | 20 . Treads . | . . Legs 119 | 45 74 Wheels . | . . Hover . | . . Flight . | . . Fastest Speed 50 | 50 120 Average Speed 109 | 98 120 Slowest Speed 120 | 120 120 Overloaded Moves . | . . Propulsion Burnouts . | . . Robots Hopped . | . . Cave-ins Triggered . | . . Exploration Rate (%) 13 | 6 21 Regions Visited 1 Branch Regions . Pre-discovered Areas . | . . Known Exits Taken . | . . Unknown Exits Taken 1 | 1 . Scrap Searched . | . . Spaces Dug . | . . Terrain Destroyed 2 | . 2 Melee . | . . Projectile 2 | . 2 AOE . | . . Terrain Rammed . | . . Walls Destroyed . | . . Machines Disabled . | . . Actions | -11 -10 --------- Run | Yrd Mat Total 198 | 80 118 Wait 26 | . 26 Move 138 | 64 74 Hop . | . . Pick Up 10 | 7 3 Fast Attach . | . . Attach 6 | 5 1 Detach . | . . Swap . | . . Drop . | . . Fire 18 | 4 14 Melee . | . . Ram . | . . Kick . | . . Crush . | . . Escape Stasis . | . . Rewire . | . . Trap . | . . Miscellaneous . | . . Route ------- -11/Scrapyard -10/Materials (discovered 1 exit: [*Min]) History --------- Turn | Location | Event 2 | -11/Scrapyard | Met Revision 17 65 | -11/Scrapyard | Discovered new exit (range 8) 88 | -11/Scrapyard | Entered Materials 166 | -10/Materials | Discovered new exit (range 14) 224 | -10/Materials | Core integrity fell below 50% 239 | -10/Materials | Core integrity fell below 20% 254 | -10/Materials | Destroyed by G-34 Mercenary with Small Laser Last Messages --------------- 00215_ G-47 Trooper destroyed. 00218_ G-47 Trooper suffers critical hit (Burn). 00219_ Lgt. Ion Engine destroyed. 00224_ Overheating: Matter decay (-47). 00224_ R-06 Scavenger collects Lgt. Nuclear Core. 00227_ Critical hit (Burn: +37). 00228_ Aluminum Leg destroyed. 00228_ R-06 Scavenger collects Aluminum Leg. 00228_ G-47 Trooper destroyed. 00229_ Med. Laser broken. 00229_ Overheating: Short circuit. 00230_ Overheating: Energy bleed (-2). 00231_ Overheating: Core damaged (-25). 00232_ Overheating: Core damaged (-37). 00232_ Mining Laser destroyed. 00234_ Overheating: Broken Med. Laser damaged (-9). 00234_ Overheating: Aluminum Leg damaged (-35). 00235_ U-05 Engineer builds a Wall. 00244_ Aluminum Leg destroyed. 00249_ R-06 Scavenger collects Aluminum Leg. Map ----- +----------------------------------------------------+ | ????????????????????????????????????????? | | ???????????? ?????????????????????????? | | ?????????? ????????????????????????? | | ?????????? < ????????????????????????? | | ?????????? ????????????????????????? | | ??????????? ????????????????????????? | | ??????????? ????????????????????????? | | ???????????# #????????????????????????? | | ???????????# #????????????????????????? | | ???????????+ #????????????????????????? | | ???????????# ????????????????????????? | | ???????????# #????????????????????????? | | ???????????# #????????#######?????????? | | ???????????# #######+## #?????????? | | ???????????# #?????????? | | ?????????? + + """ ## | | ??????????## # """"" ## | | ????????#####+######## ## # """"" ## | | ????????# u #?# ## ## """"" ## | | ????????# """u #?###### ## """ ## | | ????????# """""% #??????# ############ | | ????????# """""% #??????# #??????????# | | ????????# """"" #??????# #??????????# | | ????????# """ r#??????# #??????????# | | ????????# w##?????# ############ | | ????????# @g##?????# | | ????????#########/##?????# | | ?????????? ##!##?????# | | ??????????"" ## #??????# ############ | | ??????????""" ## #?????## # #?# | | ??????????""" ## #?????#T + !#?# | | ??????????""" ## ######## # #?#"" | | ??????????"" ## # # # #?#"" | | ?????????? ## # ### # "Y" #?#"" | | ?????????? #T # #?# # """ #?# | | ?????????? ## # " #?# ########?### | | ??????????#+##### # """ #?# #??????????? | | ?????????? # """ #?# #??????????? | | ?????????? + """ #?# #??????????? | | ?????????? # "" #?# #??????????? | | ?????????? # """ #?# #??????????? | | ?????????? # "" #?# #??????????? | | ?????????? # "" #?# #??????????? | | ?????????? # " #?# #??????????? | | ?????????? # ###+####???????? | | ??????????#+### ######## #??###### | | ?????????????????????????# !! #??#!!!!! | | ?????????????????????????# !! #??#!!!!! | | ?????????????????????????# !! #??# | | ?????????????????????????# #### | +----------------------------------------------------+ Best States ------------- Heat Dissipation 25 Energy Generation 10 Energy Capacity 125 Matter Stores 300 Matter Capacity 300 Sight Range 16 Terrain Scan Density 10 Evasion (%) 55 Item Schematics ----------------- None Robot Schematics ------------------ None Fabricated ------------ Nothing Alien Tech Used ----------------- None Achievements -------------- Storm Trooper Challenges ------------ None Game ------ Seed SigixHackingMonowheel Manual? 0 Play Time 00:05:10 Cumulative 0.2 hours Start 2024.07.04 @ 21:53:34 End 2024.07.04 @ 21:56:45 Sessions 1 Manual Loads 0 Difficulty Rogue Special Mode None Game No. 2 Rogue 2 Adventurer 0 Explorer 0 Win Type - Total 0 Types 0/0/0/0/0/0/0/0/0 Lore% 0 Gallery% 0 Achievement% 1 Wizard Run 0 Options --------- Layout 0 ASCII 1 Keyboard 0 Movement Arrows Keybinds 0 Fullscreen 2 Font 18/TerminusBold Map View 38x25 Zoom Use 81% Tactical HUD 1 Map Filters NONE Filters NONE Steam 1 RUN: 886e6dcb-0bee-44c4-9e7b-c433d48d0e7b